Map: Dusty Gorge

Players

Ryqa - Winner!

  • Race: Protoss Protoss
  • League: Platinum
  • Spawn Location: 11:00

Sillis - Winner!

  • Race: Terran Terran
  • League: Platinum
  • Spawn Location: 9:00

ILIEKEGGPIE

  • Race: Protoss Protoss
  • League: Platinum
  • Spawn Location: 3:00

Hamish

  • Race: Protoss Protoss
  • League: Gold
  • Spawn Location: 5:00

VOD

Have the link to the VOD?

Description

Time

  • Played on: May 28, 2018, 7:15 a.m.
  • Length: 13:43
Show
View Real Time Build Order
Export as new Build Order

Ryqa Protoss - Winner!

Build Orders:  

Get SALT Encoding   

  12  0:01  Probe  
  13  0:13  Probe  
  14  0:18  Pylon  
  14  0:25  Probe  
  15  0:36  Gateway, Probe  
  16  0:44  Probe  
  17  0:53  Assimilator  
  17  0:54  Probe  
  18  1:06  Probe  
  19  1:13  Gateway  
  19  1:18  Probe  
  20  1:27  Cybernetics Core  
  20  1:30  Probe  
  21  1:36  Assimilator  
  21  1:42  Pylon, Probe  
  22  1:59  Probe, Warp Gate  
  23  2:15  Probe  
  24  2:28  Probe  
  25  2:34  Robotics Facility  
  25  2:37  Stalker  
  25  2:38  Stalker  
  29  3:15  Zealot  
  31  3:21  Nexus  
  30  3:27  Pylon  
  30  3:30  Probe  
  31  3:45  Immortal  
  35  3:58  Probe  
  36  4:09  Twilight Council  
  36  4:10  Probe  
  37  4:27  Charge  
  35  4:40  Immortal  
  35  4:41  Probe  
  36  4:49  Probe  
  40  4:55  Pylon  
  40  4:57  Pylon  
  40  4:59  Probe  
  41  5:01  Pylon  
  41  5:03  Gateway  
  41  5:04  Gateway  
  42  5:07  Gateway  
  40  5:26  Observer  
  39  5:30  Probe  
  39  5:31  Probe  
  39  5:35  Assimilator  
  41  5:39  Assimilator  
  41  5:42  Pylon  
  41  5:43  Probe x2  
  41  5:44  Templar Archives  
  43  5:55  Stalker x2, Probe  
  48  6:04  Probe  
  49  6:07  Probe  
  49  6:09  Blink  
  50  6:27  Stalker x4  
  58  6:51  High Templar  
  60  6:58  Probe  
  61  7:05  Forge x2  
  61  7:09  Probe  
  61  7:10  Probe  
  47  7:23  Zealot x5  
  47  7:25  Immortal  
  45  7:44  Zealot x3  
  45  7:45  Zealot x2  
  45  7:50  Protoss Ground Armor Level 1, Protoss Ground Weapons Level 1  
  53  8:14  Probe  
  54  8:20  Nexus  
  54  8:22  Pylon x2, Probe  
  54  8:23  Pylon  
  55  8:28  High Templar  
  55  8:29  High Templar x4, Pylon  
  55  8:31  Probe  
  55  8:33  Archon x2  
  66  8:41  Gateway  
  66  8:42  Gateway  
  66  8:56  Immortal  
  66  9:01  Stalker x2  
  74  9:03  High Templar  
  74  9:04  Stalker  
  74  9:08  Archon  
  66  9:49  Observer  
  66  9:50  Nexus  
  56  9:53  Pylon  
  56  9:54  Zealot x4, Pylon x2  
  56  9:55  Zealot  
  65  10:26  Probe  
  65  10:34  Probe  
  66  10:35  Stalker  
  66  10:36  Stalker x2  
  73  10:44  Probe  
  74  10:50  Observer  
  74  10:55  Zealot x2  
  74  10:56  Probe  
  79  11:01  Stalker  
  82  11:08  Probe  
  82  11:09  Stalker  
  85  11:17  Stalker  
  87  11:20  Probe  
  88  11:27  Probe  
  88  11:28  Probe  
  90  11:38  Probe  
  90  11:40  Pylon  
  90  11:42  Pylon  
  91  12:07  Zealot  
  91  12:08  Zealot x2  
  83  13:01  Stalker, Probe  
  83  13:03  Stalker x5  
  83  13:04  Stalker  
  98  13:09  Probe  
  98  13:10  Assimilator  
  102  13:13  Assimilator  
  102  13:19  Probe  
  103  13:22  Forge  
  103  13:25  Forge  
  104  13:33  Gateway  
  104  13:34  Gateway  
  104  13:36  Gateway  
Show
View Real Time Build Order
Export as new Build Order

Sillis Terran - Winner!

Build Orders:  

Get SALT Encoding   

  12  0:03  SCV  
  13  0:15  SCV  
  14  0:22  Supply Depot  
  14  0:27  SCV  
  15  0:36  Refinery  
  15  0:43  SCV  
  15  0:47  Barracks  
  16  0:55  SCV  
  17  0:59  Refinery  
  17  1:08  SCV  
  18  1:20  SCV  
  20  1:35  Orbital Command  
  20  1:39  Marine  
  20  1:42  Factory  
  20  1:56  Marine  
  20  1:58  Supply Depot  
  21  2:02  SCV  
  22  2:14  Marine  
  23  2:18  Factory  
  23  2:24  SCV  
  23  2:27  Factory Tech Lab  
  24  2:32  Marine  
  25  2:45  Siege Tank  
  25  2:47  SCV  
  25  2:50  Marine  
  30  3:08  Marine  
  31  3:26  Factory Tech Lab  
  31  3:32  Siege Tank  
  31  3:33  Supply Depot  
  34  3:38  Marine  
  35  3:43  Command Center  
  33  4:50  Siege Tank  
  33  4:51  Siege Tank  
  33  4:52  Marine  
  39  4:58  Armory  
  40  5:03  SCV  
  41  5:09  Refinery  
  41  5:10  Marine  
  38  5:15  SCV  
  35  5:28  Marine, SCV  
  33  5:30  Starport  
  34  5:40  SCV  
  35  5:46  Marine  
  36  5:50  Thor  
  36  5:52  Thor, SCV  
  49  6:02  Supply Depot  
  49  6:04  Marine  
  47  6:21  Marine  
  47  6:25  Supply Depot  
  48  6:27  Starport Reactor  
  48  6:32  Terran Vehicle Weapons Level 1  
  48  6:36  SCV  
  48  6:39  Marine  
  50  6:47  Thor  
  50  6:48  SCV  
  57  6:57  Marine  
  57  7:00  SCV  
  59  7:08  Supply Depot  
  59  7:12  SCV  
  59  7:15  Marine  
  61  7:24  SCV  
  61  7:25  Thor  
  61  7:29  Thor  
  62  8:00  Marine  
  63  8:12  SCV  
  64  8:18  Marine  
  64  8:19  Refinery  
  65  8:24  SCV  
  66  8:36  Marine, SCV  
  68  8:48  SCV  
  69  8:50  Command Center  
  69  8:53  Marine  
  70  9:00  SCV  
  71  9:02  Thor  
  71  9:05  Terran Vehicle And Ship Armor Level 1  
  77  9:14  SCV  
  78  10:01  Thor, SCV  
  85  10:13  SCV  
  83  10:26  SCV  
  84  10:38  SCV  
  54  11:06  Thor  
  54  11:07  Thor  
  54  11:08  Terran Vehicle Weapons Level 2  
  60  11:13  Viking  
  60  11:14  Viking  
  60  11:15  Marine  
  60  11:17  SCV  
  65  11:20  SCV  
  66  11:31  Barracks  
  66  11:32  Marine, SCV  
  67  11:34  Barracks  
  67  11:39  Factory  
  68  11:44  SCV  
  69  11:49  Thor x2  
  69  11:50  Marine  
  69  11:51  Armory  
  82  11:56  SCV  
  82  12:00  Supply Depot  
  83  12:08  Marine, SCV  
  83  12:25  Supply Depot  
  83  12:26  Barracks Reactor x2, Marine  
  83  12:29  SCV  
  85  12:32  SCV  
  85  12:35  Thor x2  
  98  12:37  Factory Tech Lab  
  98  12:44  Marine, SCV  
  99  12:49  Supply Depot  
  100  12:56  SCV  
  107  13:07  Marine x2  
  107  13:08  Marine x3  
  107  13:11  Supply Depot  
  109  13:25  Marine x2  
Show
View Real Time Build Order
Export as new Build Order

ILIEKEGGPIE Protoss 

Build Orders:  

Get SALT Encoding   

  12  0:01  Probe  
  13  0:13  Probe  
  14  0:21  Pylon  
  14  0:25  Probe  
  15  0:39  Probe  
  16  0:44  Gateway  
  16  0:51  Assimilator, Probe  
  18  1:04  Probe  
  18  1:15  Gateway  
  18  1:16  Probe  
  19  1:28  Probe  
  20  1:33  Assimilator  
  20  1:39  Cybernetics Core  
  20  1:42  Pylon  
  20  1:50  Probe  
  21  2:02  Probe  
  22  2:11  Stalker x2  
  22  2:14  Probe  
  23  2:20  Warp Gate  
  27  2:26  Probe  
  28  2:38  Pylon  
  28  2:39  Stalker  
  30  2:56  Stalker  
  32  3:03  Robotics Facility  
  32  3:21  Stalker  
  34  3:30  Nexus  
  34  3:42  Gateway  
  34  3:51  Observer  
  35  4:12  Immortal  
  39  4:34  Pylon  
  39  4:40  Probe  
  39  4:41  Probe  
  41  4:48  Probe  
  42  4:53  Probe  
  42  4:55  Stalker x2  
  42  4:58  Probe  
  47  5:05  Probe  
  49  5:19  Immortal  
  49  5:23  Probe  
  49  5:26  Assimilator  
  54  5:29  Pylon  
  54  5:30  Assimilator  
  54  5:32  Pylon  
  54  5:35  Probe  
  54  5:42  Probe  
  56  5:48  Probe  
  57  5:54  Probe  
  57  5:56  Warp Prism  
  58  6:00  Probe  
  61  6:15  Probe  
  61  6:19  Probe  
  61  6:23  Probe  
  63  6:31  Probe  
  65  6:33  Probe  
  65  6:35  Twilight Council  
  65  6:39  Gateway  
  66  6:41  Gateway  
  66  6:43  Probe  
  63  6:51  Zealot x3  
  67  7:18  Stalker  
  67  7:19  Stalker x2  
  71  7:29  Charge  
  55  7:47  Zealot x3  
  55  7:50  Dark Shrine  
  51  7:57  Probe  
  52  8:02  Pylon  
  52  8:04  Pylon  
  50  8:11  Forge x2  
  50  8:12  Pylon  
  46  8:14  Immortal  
  46  8:15  Pylon  
  46  8:17  Zealot x5, Pylon  
  60  8:44  Protoss Ground Weapons Level 1  
  60  8:45  Protoss Ground Armor Level 1, Nexus  
  60  8:48  Pylon  
  60  8:50  Pylon  
  60  9:04  Dark Templar x3  
  60  9:08  Archon  
  50  9:38  Zealot x2  
  50  9:39  Dark Templar x3  
  57  10:07  Probe  
  58  10:15  Probe  
  58  10:20  Zealot x2  
  58  10:21  Dark Templar  
  61  10:25  Probe  
  47  10:37  Probe  
  34  10:47  Pylon x2  
  34  10:49  Probe  
  29  10:55  Pylon  
  29  10:58  Pylon  
  29  11:07  Pylon  
  29  11:08  Pylon  
  29  11:17  Protoss Ground Armor Level 2, Protoss Ground Weapons Level 2  
  29  11:18  Cybernetics Core  
  29  11:26  Probe x2  
  31  11:35  Robotics Bay  
  31  11:43  Gateway  
  31  11:44  Gateway  
  31  11:50  Probe x2  
  31  11:51  Probe  
  34  12:02  Probe x2  
  34  12:03  Probe  
  34  12:07  Zealot x2  
  41  12:14  Probe  
  41  12:15  Probe x2  
  44  12:17  Assimilator  
  44  12:22  Robotics Facility, Assimilator  
  40  12:23  Robotics Facility  
  40  12:27  Probe x2  
  40  12:33  Pylon  
  40  12:53  Immortal  
  34  13:09  Dark Templar  
  34  13:10  Dark Templar  
  34  13:11  Dark Templar x3  
Show
View Real Time Build Order
Export as new Build Order

Hamish Protoss 

Build Orders:  

Get SALT Encoding   

  12  0:01  Probe  
  13  0:13  Probe  
  14  0:25  Probe  
  15  0:40  Pylon  
  15  0:55  Assimilator  
  15  0:58  Probe  
  16  1:08  Gateway, Probe  
  16  1:09  Gateway  
  17  1:16  Probe  
  17  1:25  Probe  
  18  1:26  Assimilator  
  19  1:37  Probe  
  20  1:58  Cybernetics Core  
  20  2:04  Nexus  
  20  2:07  Probe  
  20  2:10  Warp Gate  
  21  2:15  Probe  
  22  2:31  Pylon  
  22  2:49  Adept x2  
  26  3:01  Probe  
  27  3:13  Probe  
  27  3:15  Stargate, Twilight Council  
  28  3:26  Stalker x2  
  32  3:30  Probe x2  
  34  3:42  Probe x2  
  36  3:54  Probe x2  
  38  4:13  Void Ray  
  38  4:24  Blink  
  38  4:27  Probe x2  
  40  4:37  Gateway x2  
  40  4:39  Gateway, Probe x2  
  42  4:47  Stalker  
  44  5:33  Zealot  
  46  5:41  Cybernetics Core  
  46  5:45  Fleet Beacon  
  46  5:48  Gateway  
  46  5:57  Gateway x2  
  46  5:59  Pylon  
  46  6:11  Assimilator  
  46  6:15  Assimilator  
  46  6:17  Void Ray  
  48  6:32  Stalker x3  
  44  7:46  Stalker  
  44  7:47  Stalker x4  
  48  7:58  Pylon  
  48  8:00  Pylon  
  48  8:02  Pylon  
  48  8:05  Pylon  
  48  8:06  Pylon  
  48  8:08  Pylon  
  48  8:11  Carrier  
  48  8:13  Stargate  
  48  8:15  Graviton Catapult  
  48  8:17  Stargate x2  
  48  8:26  Nexus  
  48  8:27  Charge  
  54  8:52  Carrier x2  
  66  9:06  Carrier  
  60  9:44  Zealot x6  
  60  9:45  Zealot  
  58  10:23  Stalker x4  
  54  11:04  Mothership  
  62  11:17  Stalker x2  
  66  11:20  Probe  
  67  11:33  Probe  
  68  11:45  Probe  
  69  11:57  Probe  
  69  11:59  Zealot  
  69  12:00  Zealot x3  
  78  12:05  Stalker  
  80  12:09  Probe  
  81  12:26  Stalker  
  81  12:27  Stalker x2  
  59  12:49  Zealot x4  
  59  12:50  Zealot  
  57  13:16  Probe  
  58  13:29  Probe  
Tags
 
Add a new tag
Caveats
  • Supply blocks, unpowered buildings, or Contaminate may cause inaccurate times.
  • Supply counts are checked every 10 seconds.